 Dungeon Crawl Stone Soup version 0.20.0-15-g7f486f2 (webtiles) character file.

70120 Mesmaeker13 the Warrior (level 14, -35/135 HPs)
             Began as a Minotaur Gladiator on June 10, 2017.
             Was a High Priest of the Shining One.
             Killed from afar by a crystal guardian (49 damage)
             ... with a crystal bolt
             ... on level 12 of the Dungeon.
             The game lasted 00:58:12 (21691 turns).

Mesmaeker13 the Warrior (Minotaur Gladiator)       Turns: 21691, Time: 00:58:12

Health: -35/135    AC: 18    Str: 23      XL:     14   Next: 92%
Magic:  8/19       EV:  9    Int:  5 (8)  God:    the Shining One [*****.]
Gold:   1598       SH: 28    Dex: 14      Spells: 13/13 levels left

rFire    . . .     SeeInvis .   m - +3 scimitar (flame)
rCold    + . .     Gourm    .   F - +2 shield
rNeg     + + .     Faith    .   p - +1 chain mail {rPois}
rPois    +         Spirit   .   I - +1 hat
rElec    .         Reflect  .   C - scarf {repulsion}
rCorr    +         Harm     .   i - +1 pair of gloves of Trial and Error {rCorr Str+2}
MR       +....                  (no boots)
Stlth    ..........             k - amulet of regeneration
Regen    0.8/turn               G - +4 ring of slaying
MPRegen  0.2/turn               z - ring of protection from cold

@: divine shield, about to teleport, glowing, repel missiles
A: retaliatory headbutt, beak, horns 2, large bone plates 1, agile 1
a: Divine Shield, Cleansing Flame, Summon Divine Warrior, Renounce Religion


You were on level 12 of the Dungeon.
You worshipped the Shining One.
The Shining One was extremely pleased with you.
You were hungry.

You visited 4 branches of the dungeon, and saw 21 of its levels.

You collected 2214 gold pieces.
You spent 616 gold pieces at shops.

Inventory:

Hand Weapons
 a - a +5 scimitar
 m - a +3 scimitar of flaming (weapon)
Missiles
 q - 2 poisoned tomahawks (quivered)
 A - 20 tomahawks
Armour
 i - the +1 pair of gloves of Trial and Error (worn) {rCorr Str+2}
   (You found it on level 9 of the Dungeon)

   It affects your strength (+2).
   It protects you from acid and corrosion.
 p - a +1 chain mail of poison resistance (worn)
 y - the +0 buckler of True Grit {rC+ MR++}
   (You found it on level 6 of the Dungeon)

   It protects you from cold.
   It affects your resistance to hostile enchantments.
 C - a scarf of repulsion (worn)
 F - a +2 shield (worn)
 I - a +1 hat (worn)
Jewellery
 k - an amulet of regeneration (around neck)
 n - an uncursed amulet of the gourmand
 u - an uncursed ring of see invisible
 z - a ring of protection from cold (right hand)
 G - a +4 ring of slaying (left hand)
Wands
 c - a wand of lightning (7/15)
 B - a wand of iceblast (3/15)
 R - a wand of confusion (8/48)
 U - a wand of acid (7/15)
Scrolls
 o - a scroll of brand weapon {unknown}
 t - a scroll of random uselessness {unknown}
 v - a scroll of enchant armour {unknown}
 x - 5 scrolls of immolation
 H - a scroll of blinking {unknown}
 M - a scroll of holy word {unknown}
 P - 3 scrolls of fog
 T - 3 scrolls of remove curse
 W - 3 scrolls of magic mapping
Potions
 d - 2 potions of lignification {unknown}
 g - 3 potions of haste
 j - 5 potions of curing
 r - 4 potions of brilliance
 s - 4 potions of might
 K - 2 potions of heal wounds
 O - 5 potions of flight
 S - 2 potions of berserk rage
 V - a potion of magic {unknown}
 Y - a potion of resistance {unknown}
Books
 l - a book of Misfortune

   Spells                             Type                      Level
   a - Confusing Touch                Hexes                        1
   b - Confuse                        Hexes                        3
   c - Gell's Gravitas                Translocation                3
   d - Petrify                        Transmutation/Earth          4
   e - Metabolic Englaciation         Hexes/Ice                    5
   f - Yara's Violent Unravelling     Hexes/Transmutation          5
Miscellaneous
 e - a lightning rod (4/4)
 N - a box of beasts
Comestibles
 b - 2 chunks of flesh
 f - 10 bread rations
 h - a meat ration
 D - 2 royal jellies


   Skills:
 + Level 15.1 Fighting
 - Level 14.0 Long Blades
 - Level 7.1 Throwing
 + Level 15.0 Armour
 - Level 3.2 Dodging
 + Level 10.8 Shields
 - Level 9.0 Invocations
 + Level 5.8 Evocations


You had 13 spell levels left.
You didn't know any spells.

Dungeon Overview and Level Annotations

Branches:
Dungeon (12/15)            Temple (1/1) D:4            Lair (6/6) D:8
  Swamp (0/4) Lair:4       Spider (0/4) Lair:3        Slime (0/5) Lair:6
    Orc (2/2) D:10            Elf (0/3) Orc:2

Altars:
Ashenzari
Dithmenos
Elyvilon
Fedhas
Gozag
Hepliaklqana
Kikubaaqudgha
Makhleb
Nemelex Xobeh
Okawaru
Ru
Sif Muna
Trog
Uskayaw
Vehumet
Yredelemnul
Zin
The Shining One

Shops:
D:6 *   D:9 ?   D:10 *   Orc:2 *=[(

Annotations:
D:12 exclusion: orange crystal statue
Lair:1 exclusion: 3 oklob plants
Lair:2 Gravenous's ghost, journeyman TrFi


Innate Abilities, Weirdness & Mutations

You reflexively headbutt those who attack you in melee.
You have a pair of horns on your head.
You have a beak for a mouth.
You are partially covered in large bone plates. (SH +4)
You are agile. (Dex +2)


Message History

You are momentarily dazzled by a brilliant light.
You are feeling hungry.
The crystal guardian fires a crystalline bolt at you.
The crystal bolt freezes you! You resist.
Your angel hits the crystal guardian but does no damage. x2
The crystal guardian fires a crystalline bolt at you.
The crystal bolt freezes the crystal guardian.
The crystal guardian completely resists.
The crystal bolt misses you.
The worker ant is engulfed in a cloud of scalding steam.
Okay, then.
As you read the scroll of teleportation, it crumbles to dust.
You feel strangely unstable.
Your angel hits the crystal guardian with a whip of holy wrath!!
Your angel hits the crystal guardian but does no damage.
The crystal guardian fires a crystalline bolt at you.
The crystal bolt burns you!
* * * LOW HITPOINT WARNING * * *
The crystal bolt burns you!
You die...

#...# ####.# # #.### #.# # ###'##
####.## # #.<..# #....(# #
#####....########.....# #
#........'............# ######
#(###....####...#.....######.....
#.≈≈≈≈≈≈≈≈≈≈≈≈≈≈#......>.....####
#.≈############≈@.....######## #
#.≈# ..$.... #A8.....# ##≈#
..$...) #§####### #≈# ...(a?[##8#
### #≈# .../...##a# #.. #≈#
$.8o$.('≈o# #.. #≈# .$...$.##≈#
#.. #≈# ??.$.$$##≈# #.. #≈#
....... #≈# #..


You could see 2 crystal guardians, a worker ant, an orc and a friendly angel.

Vanquished Creatures
  Donald (Orc:2)
  2 orc warlords
  The ghost of Gravenous the Grappler, a journeyman TrMo (Lair:3)
  Azrael (Orc:1)
  6 dire elephants (Lair:6)
  2 hydras
  A catoblepas (Lair:5)
  A centaur warrior (D:10)
  5 two-headed ogres
  An anaconda (Lair:6)
  Erica (Orc:1)
  4 orc high priests
  A fire crab (Lair:5)
  4 skeletal warriors (D:12)
  A lindwurm (Lair:5)
  2 unseen horrors (D:12)
  A flayed ghost (D:9)
  3 orc knights
  A manticore (D:12)
  A cyclops (Orc:2)
  2 slime creatures (D:12)
  4 orc sorcerers (Orc:2)
  2 oklob plants (Lair:6)
  An ugly thing (D:11)
  A black mamba (Lair:6)
  5 elephants
  12 spiny frogs
  A rime drake (Lair:4)
  8 komodo dragons
  A jumping spider (Lair:3)
  10 trolls
  A polar bear (Lair:4)
  A hornet (D:12)
  10 blink frogs
  6 hippogriffs
  14 dream sheep
  A spriggan (D:8)
  A shadow (D:9)
  4 wyverns
  4 wraiths (D:9)
  34 yaks
  Eustachio (D:5)
  3 basilisks
  A water elemental (Orc:2)
  3 fire elementals
  2 fire bats (D:9)
  3 hungry ghosts
  8 vampire mosquitoes
  2 swamp worms (Lair:4)
  4 wargs
  9 water moccasins
  A soldier ant (D:11)
  5 hell hounds
  9 porcupines
  A swamp drake (D:10)
  3 black bears
  An ice beast (D:5)
  31 orc warriors
  A necrophage (D:8)
  3 phantoms
  3 sky beasts
  A centaur (D:6)
  15 wolves
  9 ogres
  13 crocodiles
  14 bullfrogs
  3 big kobolds (D:3)
  A water moccasin zombie (D:9)
  A wyvern skeleton (D:12)
  7 scorpions
  12 wights
  4 electric eels
  4 crimson imps
  A bullfrog zombie (D:11)
  2 howler monkeys (D:9)
  3 centaur zombies
  A quasit (D:9)
  3 hounds
  2 jellies (D:10)
  7 orc priests
  4 bullfrog skeletons
  2 centaur skeletons
  27 orc wizards
  5 iguanas
  8 worker ants
  2 hound zombies (D:7)
  A hound skeleton (D:8)
  Robin (D:2)
  13 adders
  6 gnolls (D:3)
  A river rat (D:5)
  2 shadow imps
  An ooze (D:1)
  An adder zombie (D:7)
  2 adder skeletons
  A dart slug (D:2)
  4 leopard geckos
  87 orcs
  3 ball pythons
  A giant cockroach (D:4)
  43 goblins
  25 hobgoblins
  12 jackals
  14 kobolds
  3 quokkas
  13 bats
  2 frilled lizards
  2 leopard gecko skeletons
  A leopard gecko zombie (D:4)
  A quokka skeleton (D:6)
  12 rats
  A bush (Lair:6)
  2 plants (Lair:6)
663 creatures vanquished.

Vanquished Creatures (others)
  17 fungi
  7 plants
  6 toadstools (Lair:5)
30 creatures vanquished.

Grand Total: 693 creatures vanquished

Notes
Turn   | Place    | Note
-------+----------+-------------------------------------------
     0 | D:1      | Mesmaeker13 the Minotaur Gladiator began the quest for the Orb.
     0 | D:1      | Reached XP level 1. HP: 18/18 MP: 0/0
   140 | D:1      | Found a shattered altar of Ashenzari.
   179 | D:1      | Reached skill level 1 in Armour
   183 | D:1      | Reached XP level 2. HP: 18/25 MP: 1/1
   408 | D:1      | Reached XP level 3. HP: 30/30 MP: 2/2
   642 | D:2      | Noticed Robin
   694 | D:2      | Killed Robin
   828 | D:2      | Reached XP level 4. HP: 29/38 MP: 3/3
  1317 | D:3      | Reached XP level 5. HP: 42/46 MP: 4/4
  1375 | D:3      | Reached skill level 5 in Long Blades
  1968 | D:3      | Reached XP level 6. HP: 52/55 MP: 5/5
  2204 | D:3      | Reached skill level 5 in Fighting
  2640 | D:3      | Reached skill level 5 in Armour
  2640 | D:3      | Reached XP level 7. HP: 25/61 MP: 6/6
  3215 | D:4      | Gained mutation: You have a beak for a mouth. [potion of mutation]
  3215 | D:4      | Gained mutation: You are partially covered in large bone plates. (SH +4) [potion of mutation]
  3215 | D:4      | Gained mutation: You are agile. (Dex +2) [potion of mutation]
  3456 | D:4      | Found a staircase to the Ecumenical Temple.
  3463 | Temple   | Entered the Ecumenical Temple
  3476 | Temple   | Became a worshipper of the Shining One
  3852 | D:5      | Entered Level 5 of the Dungeon
  3885 | D:5      | Found a hide-covered altar of Uskayaw.
  4139 | D:5      | Noticed Eustachio
  4177 | D:5      | Killed Eustachio
  4177 | D:5      | Reached XP level 8. HP: 60/73 MP: 7/7
  4953 | D:6      | Reached * piety under the Shining One
  5090 | D:6      | Got a dazzling buckler
  5096 | D:6      | Identified the +0 buckler of True Grit {rC+ MR++} (You found it on level 6 of the Dungeon)
  5114 | D:6      | Found an opulent altar of Gozag.
  5212 | D:6      | Reached skill level 1 in Shields
  5340 | D:6      | Found Elall's Assorted Antiques.
  5345 | D:6      | Bought a runed hat for 147 gold pieces
  6164 | D:7      | Reached XP level 9. HP: 79/82 MP: 8/8
  6503 | D:8      | Reached ** piety under the Shining One
  6663 | D:8      | Found a staircase to the Lair.
  6895 | D:8      | Reached skill level 5 in Shields
  7305 | D:8      | Reached skill level 1 in Invocations
  7351 | D:8      | Noticed a four-headed hydra
  7361 | D:8      | Killed a four-headed hydra
  7361 | D:8      | Reached XP level 10. HP: 90/93 MP: 8/10
  7372 | D:8      | Reached skill level 10 in Long Blades
  7497 | D:8      | Reached skill level 10 in Fighting
  7619 | Lair:1   | Entered Level 1 of the Lair of Beasts
  7776 | Lair:1   | Reached skill level 10 in Armour
  7922 | Lair:1   | Noticed a six-headed hydra
  7938 | Lair:1   | Killed a six-headed hydra
  7941 | Lair:1   | Noticed an oklob plant
  7972 | Lair:1   | Noticed a spiny frog
  7993 | Lair:1   | Reached XP level 11. HP: 94/101 MP: 10/13
  8360 | Lair:1   | Reached *** piety under the Shining One
  8559 | Lair:2   | Reached skill level 5 in Invocations
  8844 | Lair:2   | Noticed Gravenous's ghost (journeyman TrFi)
  8917 | Lair:1   | Noticed an oklob plant
  8917 | Lair:1   | Noticed an oklob plant
  9197 | Lair:3   | Found a hole to the Spider Nest.
  9831 | Lair:3   | Noticed Gravenous's ghost (journeyman TrMo)
  9861 | Lair:3   | Killed Gravenous's ghost
 10396 | Lair:4   | Reached XP level 12. HP: 101/112 MP: 15/15
 10479 | Lair:4   | Found a staircase to the Swamp.
 11739 | Lair:5   | Found a runed door.
 12351 | Lair:5   | Reached skill level 5 in Throwing
 12895 | Lair:5   | Noticed a catoblepas
 12919 | Lair:5   | Killed a catoblepas
 13036 | Lair:6   | Entered Level 6 of the Lair of Beasts
 13518 | Lair:6   | Reached XP level 13. HP: 99/119 MP: 17/17
 13775 | Lair:6   | Found a staircase to the Slime Pits.
 15331 | Lair:6   | Noticed a dire elephant
 15354 | Lair:6   | Killed a dire elephant
 15388 | Lair:6   | Noticed a dire elephant
 15388 | Lair:6   | Noticed a dire elephant
 15400 | Lair:6   | Noticed a dire elephant
 15439 | Lair:6   | Killed a dire elephant
 15452 | Lair:6   | Noticed a dire elephant
 15458 | Lair:6   | The Shining One protects you from harm!
 15653 | Lair:6   | Killed a dire elephant
 15667 | Lair:6   | Killed a dire elephant
 15704 | Lair:6   | Noticed a dire elephant
 15911 | Lair:6   | Killed a dire elephant
 15976 | Lair:6   | Killed a dire elephant
 16494 | D:9      | Found a runed door.
 16496 | D:9      | Found a hazy altar of Hepliaklqana.
 16516 | D:9      | Found a radiant altar of Vehumet.
 16566 | D:9      | Found a glowing golden altar of the Shining One.
 16594 | D:9      | Found a white marble altar of Elyvilon.
 16596 | D:9      | Reached skill level 1 in Evocations
 16620 | D:9      | Found a radiant altar of Vehumet.
 16632 | D:9      | Found a sparkling altar of Nemelex Xobeh.
 16665 | D:9      | Found Viteil's Magic Scroll Boutique.
 16671 | D:9      | Bought a scroll of identify for 20 gold pieces
 16671 | D:9      | Bought a scroll of identify for 20 gold pieces
 16687 | D:9      | Bought a scroll of identify for 20 gold pieces
 16687 | D:9      | Bought a scroll of identify for 20 gold pieces
 17082 | D:9      | Got a pair of fine gloves
 17084 | D:9      | Got an iridescent dagger
 17085 | D:9      | Identified the +5 dagger of Noaxanaq {pierce, rC+ MR++ Str+4} (You found it on level 9 of the Dungeon)
 17096 | D:9      | Identified the +1 pair of gloves of Trial and Error {rCorr Str+2} (You found it on level 9 of the Dungeon)
 17138 | D:10     | Entered Level 10 of the Dungeon
 17224 | D:10     | Reached **** piety under the Shining One
 17286 | D:10     | Found Wuocwyi's General Store.
 17290 | D:10     | Bought a scroll of teleportation for 51 gold pieces
 17525 | D:10     | Identified the Handbook of Earthen Beguiling
 17584 | D:10     | Found a staircase to the Orcish Mines.
 17687 | D:10     | Reached XP level 14. HP: 123/130 MP: 19/19
 18159 | Orc:1    | Entered Level 1 of the Orcish Mines
 18163 | Orc:1    | Noticed Erica
 18258 | Orc:1    | Killed Erica
 18350 | Orc:1    | Noticed an orc warlord
 18367 | D:10     | Killed an orc warlord
 18488 | Orc:1    | Found a bloodstained altar of Trog.
 18548 | Orc:2    | Entered Level 2 of the Orcish Mines
 18654 | Orc:2    | Found a staircase to the Elven Halls.
 18788 | Orc:2    | Noticed an orc warlord
 18820 | Orc:1    | Killed an orc warlord
 19091 | Orc:2    | Found Hageasay's Antique Armour Shoppe.
 19101 | Orc:2    | Noticed Donald
 19119 | Orc:2    | Killed Donald
 19190 | Orc:2    | Noticed Azrael
 19335 | Orc:1    | Killed Azrael
 19593 | Orc:2    | Found Ybrityot's Antique Weapon Boutique.
 19608 | Orc:2    | Reached skill level 5 in Evocations
 19702 | Orc:2    | Reached skill level 10 in Shields
 19809 | Orc:2    | Found Bechuuh's Jewellery Emporium.
 19834 | Orc:2    | Bought an uncursed ring of see invisible for 210 gold pieces
 19857 | Orc:2    | Found Ogaph's General Store.
 19864 | Orc:2    | Bought 2 potions of curing for 96 gold pieces
 19864 | Orc:2    | Bought a scroll of identify for 32 gold pieces
 20214 | Orc:1    | Reached ***** piety under the Shining One
 20987 | D:11     | Found a radiant altar of Vehumet.
 21378 | D:12     | Reached skill level 15 in Fighting
 21511 | D:12     | Reached skill level 15 in Armour
 21669 | D:12     | Found a runed door.
 21691 | D:12     | Killed from afar by a crystal guardian

Skill      XL: |  1  2  3  4  5  6  7  8  9 10 11 12 13 14 |
---------------+-------------------------------------------+-----
Armour         | 1 2 3 4 5 6 7 9 10 11 12 13 15 | 15.0
Fighting       | 3 4 5 7 8 9 10 11 12 13 15 | 15.1
Long Blades    | 4 5 6 7 8 9 10 12 13 14 | 14.0
Shields        | 2 5 7 8 10 | 10.8
Invocations    | 2 4 6 7 9 |  9.0
Throwing       | 3 5 7 |  7.1
Evocations     | 2 5 |  5.8
Dodging        | |  3.2

Action                   |  1- 3 |  4- 6 |  7- 9 | 10-12 | 13-15 || total
-------------------------+-------+-------+-------+-------+-------++-------
Melee: Long sword        |    64 |   191 |   364 |   309 |       ||   928
       Headbutt          |    12 |    24 |    60 |   181 |   258 ||   535
       Peck              |       |       |    65 |   190 |   278 ||   533
       Short sword       |       |       |     6 |    55 |       ||    61
       Scimitar          |       |       |       |   348 |   962 ||  1310
 Fire: Blowgun           |       |       |     1 |       |       ||     1
Throw: Throwing net      |       |     4 |     4 |     1 |     1 ||    10
       Tomahawk          |       |       |     2 |     6 |    17 ||    25
Invok: Divine Shield     |       |       |       |     6 |    16 ||    22
       Summon Divine War |       |       |       |       |     1 ||     1
Evoke: Wand              |       |       |       |     1 |     7 ||     8
  Use: Scroll            |       |     4 |     5 |     4 |    13 ||    26
       Potion            |       |     1 |     2 |       |     6 ||     9
 Stab: Held in net/web   |       |     1 |       |       |       ||     1
  Eat: Chunk             |       |     6 |    15 |    11 |    27 ||    59
       Meat ration       |       |       |       |     2 |     1 ||     3
       Fruit             |       |       |       |       |     1 ||     1
Armor: Leather armour    |     1 |       |       |       |       ||     1
       Ring mail         |    14 |     4 |       |       |       ||    18
       Plate armour      |       |   129 |   224 |   276 |   194 ||   823
       Acid dragon scale |       |       |       |       |     2 ||     2
       Chain mail        |       |       |       |       |   101 ||   101
Dodge: Dodged            |    64 |    79 |   130 |   142 |   181 ||   596
       Deflected         |       |       |     3 |     3 |    11 ||    17
Block: Other             |       |       |    31 |       |       ||    31
       Buckler           |       |       |    53 |   309 |   335 ||   697
       Shield            |       |       |       |       |   146 ||   146
       Rpst.: Long sword |    19 |    16 |    27 |    20 |       ||    82
       Scimitar          |       |       |       |    10 |    45 ||    55
